 Dungeon Crawl Stone Soup version 0.28-a0-1415-g7c84da036a (webtiles) character file.

Game seed: 1546824688074186205

77747 Hasart the Convoker (level 16, -1/79 HPs)
             Began as a Kobold Summoner on Jan 7, 2022.
             Was the Champion of Hepliaklqana.
             Killed from afar by Azrael (44 damage)
             ... with damnation
             ... on level 14 of the Dungeon.
             The game lasted 01:16:22 (29103 turns).

Hasart the Convoker (Kobold Summoner)              Turns: 29103, Time: 01:16:23

Health: -1/79      AC:  9    Str:  5    XL:     16   Next: 6%
Magic:  9/41       EV: 19    Int: 30    God:    Hepliaklqana [******]
Gold:   1126       SH:  5    Dex: 16    Spells: 4/39 levels left

rFire   + . .      SeeInvis .   P - +5 short sword of Makhleb's Hope {flame, MP+9}
rCold   . . .      Faith    .   (no shield)
rNeg    . . .      Spirit   .   K - +1 troll leather armour
rPois   .          Reflect  +   C - +2 hat
rElec   .          Harm     .   (no cloak)
rCorr   .          Rampage  .   (no gloves)
Will    +....                   T - +1 pair of boots
Stlth   +++++.....              b - amulet of reflection
HPRegen 1.03/turn               s - +6 ring of intelligence
MPRegen 0.27/turn               p - ring of protection from fire

@: no status effects
A: reduced essence, small, no large weapons, nightstalker 3
a: Renounce Religion, Recall Ancestor, Ancestor Identity, Transference, Idealise


You were on level 14 of the Dungeon.
You worshipped Hepliaklqana.
Hepliaklqana was exalted by your worship.
You visited 4 branches of the dungeon, and saw 23 of its levels.
You also visited: Gauntlet.

You collected 1831 gold pieces.
You spent 705 gold pieces at shops.

Inventory:

Hand Weapons
 P - the +5 short sword of Makhleb's Hope (weapon) {flame, MP+9}
   (You found it on level 5 of the Lair of Beasts)

   It burns those it strikes, dealing additional fire damage.
   MP:        It affects your magic capacity (+9).
Missiles
 k - 6 throwing nets
Armour
 t - +0 acid dragon scales
 C - a +2 hat (worn)
 K - a +1 troll leather armour (worn)
 L - a +1 leather armour of cold resistance
 R - an orb of energy
 T - a +1 pair of boots (worn)
Magical Staves
 J - a staff of air
Jewellery
 b - an amulet of reflection (around neck)
 h - a ring of see invisible
 l - a ring of resist corrosion
 o - a ring of positive energy
 p - a ring of protection from fire (right hand)
 s - a +6 ring of intelligence (left hand)
Wands
 r - a wand of polymorph (4)
 u - a wand of acid (13)
 y - a wand of mindburst (33)
 A - a wand of iceblast (6)
 I - a wand of paralysis (7)
 N - a wand of digging (7)
Scrolls
 c - 10 scrolls of identify
 d - a scroll of enchant armour
 e - 3 scrolls of enchant weapon
 f - 2 scrolls of blinking
 x - 4 scrolls of immolation
 z - 5 scrolls of teleportation
 B - 2 scrolls of holy word
 F - 3 scrolls of fear
 H - a scroll of amnesia
 M - a scroll of brand weapon
 S - a scroll of fog
Potions
 a - a potion of berserk rage {unknown}
 g - 4 potions of heal wounds
 i - 3 potions of mutation
 j - 7 potions of curing
 m - 4 potions of attraction
 n - a potion of might
 q - a potion of lignification {unknown}
 v - a potion of invisibility
 w - 5 potions of haste {unknown}
 E - 3 potions of ambrosia {unknown}
 G - 3 potions of flight {unknown}
 O - a potion of brilliance {unknown}


   Skills:
 + Level 6.0 Fighting
 - Level 5.0 Short Blades
 + Level 2.3 Armour
 - Level 10.0 Dodging
 + Level 10.5 Stealth
 + Level 12.3 Spellcasting
 - Level 7.0 Hexes
 * Level 17.4 Summonings
 - Level 5.0 Ice Magic
 - Level 5.0 Air Magic
 + Level 5.5 Invocations
 + Level 5.7 Evocations


You had 4 spell levels left.
You knew the following spells:

 Your Spells              Type           Power      Damage    Failure   Level
a - Summon Cactus Giant   Summ           44%        N/A       1%          6
b - Swiftness             Air            48%        N/A       1%          3
c - Call Canine Familiar  Summ           89%        N/A       0%          3
d - Summon Lightning Spi  Summ/Air       72%        N/A       1%          4
e - Summon Ice Beast      Ice/Summ       72%        N/A       1%          4
f - Summon Mana Viper     Hex/Summ       75%        N/A       1%          5
g - Summon Guardian Gole  Hex/Summ       75%        N/A       1%          3
z - Monstrous Menagerie   Summ           44%        N/A       3%          7

Your spell library contained the following spells:

 Spells                   Type           Power      Damage    Failure   Level
 Summon Small Mammal      Summ           100%       N/A       0%          1
 Call Imp                 Summ           89%        N/A       0%          2
 Confusing Touch          Hex            57%        N/A       1%          3
 Ozocubu's Armour         Ice            48%        N/A       1%          3
 Animate Armour           Summ/Erth      100%       N/A       1%          4
 Inner Flame              Hex/Fire       39%        N/A       3%          3
 Portal Projectile        Hex/Tloc       78%        N/A       3%          3
 Foxfire                  Conj/Fire      72%        2x1d7     4%          1
 Passwall                 Tmut/Erth      15%        N/A       7%          2
 Scorch                   Fire           36%        2d7       7%          2
 Conjure Flame            Conj/Fire      18%        6-21      13%         3
 Hailstorm                Conj/Ice       33%        3d8       16%         4
 Flame Wave               Conj/Fire      18%        2d5       41%         4
 Yara's Violent Unravell  Hex/Tmut       19%        3d9       28%         5
 Blade Hands              Tmut           9%         N/A       77%         5
 Excruciating Wounds      Necr           9%         N/A       77%         5
 Enfeeble                 Hex            28%        N/A       91%         7
 Iron Shot                Conj/Erth      9%         9d3       100%        6


Dungeon Overview and Level Annotations

Branches:
Dungeon (14/15)            Temple (1/1) D:4            Lair (6/6) D:10
  Swamp (0/4) Lair:3       Spider (0/4) Lair:3        Slime (0/5) Lair:6
    Orc (2/2) D:10            Elf (0/3) Orc:2        Vaults (0/5) D:13
Gauntlet (visited)

Altars:
Ashenzari
Cheibriados
Dithmenos
Elyvilon
Fedhas
Gozag
Hepliaklqana
Kikubaaqudgha
Makhleb
Nemelex Xobeh
Okawaru
Qazlal
Ru
Sif Muna
Trog
Uskayaw
Vehumet
Wu Jian
Xom
Yredelemnul
Zin
The Shining One
Beogh
Jiyva

Shops:
D:4 :   D:9 :   Orc:2 =[=:

Annotations:
D:3 2 transporters
D:8 3 runed translucent doors, funkygono's ghost, novice DEFE
D:14 Azrael
Lair:1 3 runed translucent doors, mcsplat's ghost, novice DEAE
Lair:4 3 runed translucent doors, tilp's ghost, journeyman FeIE


Innate Abilities, Weirdness & Mutations

Your life essence is reduced to manifest your ancestor. (-10% HP)
You are small and have problems with some larger weapons.
You are completely attuned to the shadows.


Message History

Unknown command.
Unknown command.
Your cactus giant hits Azrael with a +0 giant spiked club!!
The hell hound is struck by your cactus giant's spines.
The hell hound bites your cactus giant!
Your mana viper bites the hell hound.
Azrael gestures at you.
The bolt of fire hits your cactus giant!!
Your cactus giant is destroyed!
Your cactus giant disappears in a puff of smoke!
The bolt of fire hits you! You resist.
Unknown command.
Casting: Summon Cactus Giant (dangerous; 1% risk of failure)
Confirm with . or Enter, or press ? or * to list all spells.
You summon a manticore!
The hell hound breathes flames at your mana viper.
The blast of flame hits your mana viper!!
Your mana viper bites the hell hound.
The hell hound bites your mana viper.
Your mana viper dies!
Your mana viper disappears in a puff of smoke!
Casting: Monstrous Menagerie (dangerous; 3% risk of failure)
Confirm with . or Enter, or press ? or * to list all spells.
A mana viper appears with a sibilant hiss.
The hell hound barks!
Your manticore flicks its tail.
The volley of spikes hits the hell hound!
The hell hound dies!
Unknown command.
You swap places.
Your mana viper bites Azrael but does no damage.
Your manticore bites Azrael but does no damage.
Your manticore claws Azrael!
Your manticore claws Azrael.
Unknown command.
Unknown command.
Casting: Summon Mana Viper (dangerous; 1% risk of failure)
Confirm with . or Enter, or press ? or * to list all spells.
Your mana viper completely misses Azrael.
Azrael gestures at you.
The sphere of damnation explodes!
The damnation engulfs you!!!
Ouch! That really hurt!
You die...

#### #...# # ....
#######.#### #
....##..........# #
○°)..#..........#######
..○☼°†...............##
R..○#E†.........####..'
.?..#☼h.........# ####
#####SRH........# #
#.@C........#
##..........#
############


You could see Azrael (ally target), a fire elemental, a hell hound, a friendly
manticore (summoned), a friendly mana viper (summoned) and a friendly cactus
giant (summoned).

Vanquished Creatures
  Harold (D:7)
  A centaur warrior (D:13)
  A lindwurm (Lair:5)
  An orc knight (Orc:2)
  A deep elf pyromancer (D:13)
  An orc sorcerer (Orc:1)
  An ugly thing (D:14)
  3 cyclopes
  3 elephants
  A black mamba (Lair:4)
  A torpor snail (Lair:4)
  3 cane toads
  4 komodo dragons
  2 polar bears (Lair:3)
  2 blink frogs (Lair:5)
  A shadow (D:10)
  12 yaks
  A basilisk (Lair:1)
  A vampire mosquito (D:13)
  A steam dragon (Lair:4)
  3 water moccasins
  A sky beast (D:6)
  4 orc warriors
  2 wolves (Lair:6)
  4 ogres
  A centaur (D:8)
  5 kobold brigands (D:8)
  7 bullfrogs
  A scorpion (D:4)
  A gnoll sergeant (D:7)
  2 killer bees (D:8)
  2 wights (D:8)
  An electric eel (D:10)
  2 howler monkeys
  A jelly (D:4)
  5 orc priests
  A bullfrog skeleton (D:6)
  3 hounds
  2 centaur skeletons
  An iguana (D:7)
  2 orc wizards
  A howler monkey zombie (D:9)
  5 gnolls
  2 adders
  A white imp (D:7)
  An ufetubus (D:5)
  A worm (D:6)
  6 dart slugs
  20 orcs
  2 bats
  10 endoplasms
  2 giant cockroaches
  3 hobgoblins
  2 jackals (D:3)
  27 kobolds
  5 quokkas
  5 ball pythons
  2 frilled lizards
  12 goblins
  2 rats
202 creatures vanquished.

Vanquished Creatures (collateral kills)
  Nessos (D:14)
  7 hydras
  A catoblepas (Lair:6)
  2 ogre magi (Orc:2)
  Erica (D:8)
  A centaur warrior (D:14)
  A deep troll shaman (Lair:6)
  11 two-headed ogres
  4 death yaks (Lair:6)
  Urug (Lair:4)
  Nergalle (Lair:3)
  A fire crab (shapeshifter) (D:14)
  2 deep trolls (Orc:2)
  A wizard (D:13)
  2 necromancers (D:13)
  2 lindwurms (Lair:6)
  15 ugly things
  An orc knight (Orc:1)
  A deep elf pyromancer (D:11)
  3 wolf spiders (Lair:3)
  An oklob plant (Lair:3)
  4 cyclopes
  A salamander (shapeshifter) (D:14)
  Maurice (Orc:2)
  15 elephants
  5 black mambas
  A centaur zombie (D:10)
  8 cane toads
  2 torpor snails (Lair:2)
  Psyche (D:9)
  Maggie (D:6)
  A rime drake (Lair:6)
  A freezing wraith (D:14)
  4 komodo dragons
  10 trolls
  Grinder (D:5)
  A polar bear (Lair:6)
  3 slime creatures (D:14)
  A centaur simulacrum (D:14)
  16 blink frogs
  A shadow (D:10)
  A jumping spider (Lair:3)
  A wraith (D:7)
  26 yaks
  A wyvern (Lair:2)
  2 basilisks (Lair:2)
  A steam dragon (D:8)
  2 vampire mosquitoes (D:13)
  2 wargs
  An acid dragon (D:12)
  10 water moccasins
  4 hell hounds (D:14)
  7 orc warriors
  3 ice beasts
  2 black bears
  14 wolves
  17 ogres
  5 centaurs
  A kobold brigand (D:7)
  6 bullfrogs
  6 killer bees
  A howler monkey (D:11)
  2 wights (D:8)
  An electric eel (Lair:3)
  A hound (D:4)
  A jelly (D:5)
  Crazy Yiuf (D:5)
  A centaur skeleton (D:6)
  4 orc priests
  A bullfrog skeleton (D:5)
  2 iguanas
  Ijyb (D:5)
  Terence (D:2)
  7 orc wizards
  A scorpion zombie (D:5)
  Natasha (twice) (D:2)
  A nameless horror (Orc:1)
  Robin (D:3)
  12 gnolls
  A white imp (D:6)
  An adder skeleton (D:4)
  2 worms (D:2)
  33 orcs
  3 endoplasms
  6 goblins
  4 hobgoblins
  3 jackals
  A quokka (D:3)
  A bat (D:1)
  4 kobolds
350 creatures vanquished.

Vanquished Creatures (others)
  A two-headed ogre (Orc:2)
  A hell hound (D:14)
  An ogre (Orc:2)
  3 ancestors
  22 battlemagi
  24 fungi
  37 plants
89 creatures vanquished.

Grand Total: 641 creatures vanquished

Notes
Turn   | Place    | Note
-------+----------+-------------------------------------------
     0 | D:1      | Hasart the Kobold Summoner began the quest for the Orb.
     0 | D:1      | Reached XP level 1. HP: 10/10 MP: 3/3
   375 | D:1      | Reached XP level 2. HP: 13/15 MP: 5/5
   858 | D:1      | Found a faded altar of an unknown god.
   872 | D:1      | Reached XP level 3. HP: 14/19 MP: 6/6
  1679 | D:2      | Noticed Terence
  1690 | D:2      | Learned a level 2 spell: Call Imp
  1694 | D:2      | Learned a level 3 spell: Call Canine Familiar
  1723 | D:2      | Killed Terence
  1724 | D:2      | Reached skill level 5 in Summonings
  1724 | D:2      | Reached XP level 4. HP: 24/24 MP: 4/8
  2279 | D:2      | Reached XP level 5. HP: 20/28 MP: 2/9
  2511 | D:2      | Noticed Natasha
  2516 | D:2      | Killed Natasha
  2786 | D:2      | Noticed Natasha
  2797 | D:2      | Killed Natasha
  3174 | D:3      | Noticed an ice beast
  3475 | D:3      | Noticed Robin
  3491 | D:3      | Reached skill level 6 in Summonings
  3503 | D:3      | Reached XP level 6. HP: 9/32 MP: 2/11
  3732 | D:3      | Killed Robin
  3818 | D:3      | Found a transporter.
  3832 | D:3      | Found a transporter.
  3842 | D:3      | Found an opulent altar of Gozag.
  3944 | D:3      | Learned a level 4 spell: Summon Lightning Spire
  4566 | D:4      | Reached skill level 1 in Air Magic
  4810 | D:4      | Found a staircase to the Ecumenical Temple.
  4849 | Temple   | Entered the Ecumenical Temple
  5120 | D:4      | Reached XP level 7. HP: 22/36 MP: 13/13
  5324 | D:4      | Found a shimmering blue altar of Sif Muna.
  5514 | D:4      | Reached skill level 7 in Summonings
  6104 | D:4      | Found Veovis's Book Boutique.
  6456 | D:5      | Entered Level 5 of the Dungeon
  6466 | D:5      | Noticed a water moccasin
  6480 | D:5      | Killed a water moccasin
  6481 | D:5      | Reached skill level 5 in Spellcasting
  6481 | D:5      | Reached XP level 8. HP: 14/41 MP: 8/15
  6952 | D:5      | Noticed Ijyb
  6957 | D:5      | Killed Ijyb
  6986 | D:5      | Reached skill level 8 in Summonings
  7044 | D:5      | Noticed Grinder
  7058 | D:5      | Killed Grinder
  7523 | D:5      | Found a runed translucent door.
  7526 | D:5      | Noticed Crazy Yiuf
  7542 | D:5      | Killed Crazy Yiuf
  7732 | D:6      | Found a snail-covered altar of Cheibriados.
  7803 | D:6      | Reached XP level 9. HP: 46/46 MP: 13/17
  7853 | D:6      | Found a hazy altar of Hepliaklqana.
  7873 | D:6      | Found a blossoming altar of Fedhas.
  7887 | D:6      | Became a worshipper of Hepliaklqana the Forgotten
  8054 | D:6      | Reached skill level 1 in Fighting
  8054 | D:6      | Reached skill level 1 in Evocations
  8076 | D:6      | Reached skill level 9 in Summonings
  8136 | D:6      | Noticed Maggie
  8145 | D:6      | Killed Maggie
  8346 | D:6      | Found a basalt altar of Yredelemnul.
  9152 | D:7      | Noticed Harold
  9166 | D:7      | Killed Harold
  9167 | D:7      | Reached skill level 5 in Stealth
  9167 | D:7      | Reached skill level 5 in Air Magic
  9167 | D:7      | Reached XP level 10. HP: 47/56 MP: 9/19
  9525 | D:7      | Reached skill level 5 in Dodging
  9525 | D:7      | Reached skill level 10 in Summonings
  9931 | D:8      | Found a runed translucent gate.
  9936 | D:8      | Found a runed translucent gate.
  9937 | D:8      | Found a runed translucent gate.
  9937 | D:8      | Noticed funkygono's ghost (novice DEFE)
  9942 | D:8      | Noticed a kobold demonologist
 10005 | D:8      | Noticed Erica
 10021 | D:8      | Killed Erica
 10616 | D:8      | Reached * piety under Hepliaklqana
 11129 | D:8      | Learned a level 3 spell: Swiftness
 11235 | D:8      | Reached skill level 1 in Short Blades
 11235 | D:8      | Reached skill level 1 in Invocations
 11971 | D:9      | Noticed Psyche
 11983 | D:9      | Killed Psyche
 11984 | D:9      | Reached XP level 11. HP: 55/55 MP: 18/21
 12094 | D:9      | Found Ecvatasch's Book Shoppe.
 12126 | D:9      | Reached skill level 5 in Evocations
 12637 | D:9      | Found a radiant altar of Vehumet.
 12760 | D:10     | Entered Level 10 of the Dungeon
 12818 | D:10     | Noticed a two-headed ogre
 12831 | D:10     | Killed a two-headed ogre
 13011 | D:10     | Found a staircase to the Orcish Mines.
 13036 | D:10     | Reached skill level 11 in Summonings
 13066 | D:10     | Reached skill level 5 in Fighting
 13372 | D:10     | Noticed a two-headed ogre
 13397 | D:10     | Killed a two-headed ogre
 13732 | D:10     | Reached ** piety under Hepliaklqana
 13733 | D:10     | Remembered your ancestor Sizwe as a battlemage
 13845 | D:10     | Found a staircase to the Lair.
 14067 | D:10     | Found a burning altar of Makhleb.
 14354 | D:11     | Noticed a deep elf pyromancer
 14361 | D:11     | Noticed an eight-headed hydra
 14363 | D:11     | Killed a deep elf pyromancer
 14763 | D:11     | Killed an eight-headed hydra
 14945 | D:11     | Noticed a six-headed hydra
 14959 | D:11     | Noticed a cyclops
 14967 | D:11     | Killed a six-headed hydra
 14972 | D:11     | Killed a cyclops
 15412 | D:11     | Learned a level 4 spell: Summon Ice Beast
 15418 | D:11     | Learned a level 5 spell: Summon Mana Viper
 15556 | D:11     | Found a sacrificial altar of Ru.
 15830 | Orc:1    | Entered Level 1 of the Orcish Mines
 15984 | Orc:1    | Noticed an orc sorcerer
 15984 | Orc:1    | Noticed an orc knight
 15994 | Orc:1    | Killed an orc sorcerer
 15995 | Orc:1    | Reached skill level 5 in Short Blades
 15995 | Orc:1    | Reached XP level 12. HP: 48/61 MP: 17/24
 16172 | Orc:1    | Reached skill level 1 in Hexes
 16172 | Orc:1    | Reached skill level 1 in Ice Magic
 16384 | Orc:2    | Entered Level 2 of the Orcish Mines
 16395 | Orc:2    | Found a staircase to the Elven Halls.
 16399 | Orc:2    | Reached skill level 12 in Summonings
 16464 | Orc:1    | Learned a level 3 spell: Summon Guardian Golem
 16534 | Orc:2    | Noticed a two-headed ogre
 16534 | Orc:2    | Noticed an ogre mage
 16537 | Orc:2    | Noticed an ogre mage
 16544 | Orc:2    | Killed a two-headed ogre
 16545 | Orc:2    | Killed an ogre mage
 16546 | Orc:2    | Reached skill level 5 in Invocations
 16548 | Orc:2    | Noticed a two-headed ogre
 16565 | Orc:2    | Noticed Maurice
 16570 | Orc:2    | Killed a two-headed ogre
 16576 | Orc:2    | Killed Maurice
 16581 | Orc:2    | Noticed a two-headed ogre
 16581 | Orc:2    | Noticed a deep troll
 16588 | Orc:2    | Killed a two-headed ogre
 16593 | Orc:2    | Killed a deep troll
 16593 | Orc:2    | Noticed a two-headed ogre
 16597 | Orc:2    | Killed a two-headed ogre
 16624 | Orc:2    | Reached skill level 13 in Summonings
 16626 | Orc:2    | Noticed a two-headed ogre
 16631 | Orc:2    | Killed a two-headed ogre
 16635 | Orc:2    | Reached XP level 13. HP: 64/64 MP: 2/26
 16830 | Orc:2    | Killed an ogre mage
 17085 | Orc:2    | Reached skill level 5 in Hexes
 17085 | Orc:2    | Reached skill level 5 in Ice Magic
 17328 | Orc:2    | Found Usafa's Jewellery Shop.
 17409 | Orc:2    | Found Xuytast's Book Boutique.
 17414 | Orc:2    | Bought a book of Scorching for 480 gold pieces
 17422 | Orc:2    | Learned a level 6 spell: Summon Cactus Giant
 17423 | Orc:2    | Found Impemnao's Armour Emporium.
 17449 | Orc:2    | Reached skill level 14 in Summonings
 17506 | Orc:2    | Found Hocoa's Jewellery Boutique.
 17511 | Orc:2    | Bought a ring of see invisible for 225 gold pieces
 17683 | Lair:1   | Entered Level 1 of the Lair of Beasts
 17710 | Lair:1   | Found a gate leading to a gauntlet.
 17722 | Gauntlet | Entered a Gauntlet
 17722 | Gauntlet | Found a transporter.
 17722 | Gauntlet | Reached *** piety under Hepliaklqana
 17736 | Gauntlet | Found a transporter.
 17736 | Gauntlet | Found a transporter.
 17747 | Gauntlet | Found a transporter.
 17754 | Gauntlet | Found a transporter.
 17772 | Gauntlet | Found a transporter.
 17772 | Gauntlet | Found a transporter.
 17790 | Gauntlet | Noticed a green death
 17791 | Gauntlet | Found a transporter.
 17791 | Gauntlet | Found a transporter.
 17795 | Gauntlet | Found a runed translucent door.
 17796 | Gauntlet | Found a runed translucent door.
 17807 | Gauntlet | Found a transporter.
 17822 | Gauntlet | Found a transporter.
 17834 | Gauntlet | Found a transporter.
 17846 | Gauntlet | Found a transporter.
 17858 | Gauntlet | Found a transporter.
 18062 | Lair:1   | Found a runed translucent gate.
 18062 | Lair:1   | Found a runed translucent gate.
 18063 | Lair:1   | Found a runed translucent gate.
 18090 | Lair:1   | Noticed a seven-headed hydra
 18111 | Lair:1   | Killed a seven-headed hydra
 18537 | Lair:1   | Reached skill level 10 in Spellcasting
 18666 | Lair:1   | Noticed a minotaur
 18667 | Lair:1   | Noticed mcsplat's ghost (novice DEAE)
 18792 | Lair:1   | Noticed a four-headed hydra
 18796 | Lair:1   | Killed a four-headed hydra
 19529 | Lair:2   | Reached **** piety under Hepliaklqana
 19759 | Lair:2   | Found a snail-covered altar of Cheibriados.
 20443 | Lair:3   | Found a staircase to the Swamp.
 20444 | Lair:3   | Noticed a seven-headed hydra
 20452 | Lair:3   | Killed a seven-headed hydra
 20453 | Lair:3   | Reached XP level 14. HP: 70/70 MP: 16/28
 20627 | Lair:3   | Reached skill level 15 in Summonings
 20723 | Lair:3   | Noticed Nergalle
 20742 | Lair:3   | Killed Nergalle
 20972 | Lair:3   | Found a white marble altar of Elyvilon.
 21257 | Lair:3   | Reached ***** piety under Hepliaklqana
 21454 | Lair:3   | Found a hole to the Spider Nest.
 22085 | Lair:4   | Noticed Urug
 22090 | Lair:4   | Killed Urug
 22145 | Lair:4   | Found a runed translucent gate.
 22145 | Lair:4   | Found a runed translucent gate.
 22145 | Lair:4   | Found a runed translucent gate.
 22149 | Lair:4   | Noticed tilp's ghost (journeyman FeIE)
 22874 | Lair:5   | Identified the +5 morningstar "Reun" {drain, *Rage rElec
                  | Dex+4}
 23442 | Lair:5   | Identified the +5 short sword of Makhleb's Hope {flame,
                  | MP+9}
 24173 | Lair:6   | Entered Level 6 of the Lair of Beasts
 24255 | Lair:6   | Reached skill level 16 in Summonings
 24324 | Lair:6   | Reached XP level 15. HP: 63/73 MP: 18/30
 24482 | Lair:6   | Found a viscous altar of Jiyva.
 24482 | Lair:6   | Found a staircase to the Slime Pits.
 24832 | Lair:6   | Reached skill level 10 in Stealth
 25547 | Lair:6   | Reached ****** piety under Hepliaklqana
 25817 | Lair:6   | Got the Volume of Supportive Snow
 26558 | D:12     | Reached skill level 10 in Dodging
 27155 | D:13     | Reached skill level 17 in Summonings
 27615 | D:13     | Reached skill level 1 in Armour
 27662 | D:13     | Found a stormy altar of Qazlal.
 27906 | D:13     | Learned a level 7 spell: Monstrous Menagerie
 27933 | D:13     | Found a gate to the Vaults.
 28470 | D:14     | Noticed Nessos
 28474 | D:14     | Killed Nessos
 28737 | D:14     | Found a shimmering altar of Xom.
 28737 | D:14     | Found a shimmering altar of Xom.
 28766 | D:14     | Found a shimmering altar of Xom.
 28770 | D:14     | Found a shimmering altar of Xom.
 28926 | D:14     | Reached XP level 16. HP: 79/79 MP: 28/32
 29086 | D:14     | Noticed Azrael
 29103 | D:14     | Killed from afar by Azrael

Illustrated notes

Levels and vault maps discovered:
D:1:      dpeg_arrival_houses_and_road, layout_loops_corners,
          ebering_ecumenical_altar_abandoned, fountainhead
D:2:      layout_loops_ring, skrybe_limestone_x, minmay_pentomino_p4,
          uniq_natasha, uniq_terence
D:3:      layout_basic, gammafunk_temple_overflow_arena, uniq_robin
D:4:      layout_basic, kennysheep_mini_moat,
          minmay_temple_entry_statues_pillars, serial_shops,
          nicolae_shop_statue_plus, grunt_tough_drop
D:5:      layout_cave_pools, serial_bayou_pond_a, kennysheep_crisscross,
          roderic_serpentine_path, uniq_grinder, uniq_ijyb,
          uniq_crazy_yiuf_cottage
D:6:      layout_rooms, slow_altar_2, mainiacjoe_overflow_24_doors,
          general_overflow_altar, worldfamousw_hep_ancestral_shrine, uniq_maggie
D:7:      layout_loops_ring, uniq_harold
D:8:      layout_basic, gammafunk_ghost_nasty_kobolds, blue_anna_alchemist,
          uniq_erica
D:9:      layout_loops_ring, mainiacjoe_overflow_six_doors_small, serial_shops,
          nicolae_shop_advertising_works [nicolae_subvault_shop_adworks],
          uniq_psyche
D:10:     layout_basic, lemuel_coloured_pillars_altar, lair_entry_dummy,
          david_orc_2
D:11:     layout_stronghold, nicolae_ru_path_of_blood
D:12:     layout_cave_pods
D:13:     layout_stronghold, david_vaults_1, serial_column_ruins,
          column_ruins_hut_ruined, column_ruins_courtyard_long,
          column_ruins_columns_T, column_ruins_columns_straight,
          column_ruins_columns_corner, column_ruins_grid_1, column_ruins_grid_1,
          column_ruins_grid_1, grunt_qazlal_clouds
D:14:     layout_roguey, xom_redecorated, uniq_nessos, uniq_azrael
Temple:   eino_temple_water
Lair:1:   layout_cave_pods, maelrawn_ghost_gauntlet_escape,
          gauntlet_entry_generic, infiniplex_staircase_pool, lemuel_fruit_fields
Lair:2:   layout_small_grid, kennysheep_snail_temple
Lair:3:   layout_cave_pods, minmay_swamp_entry_reptiles,
          spider_nest_entry_funnel_web, lemuel_oklob_altar,
          serial_bayou_shore_a, uniq_nergalle
Lair:4:   layout_long_grid, gammafunk_ghost_hydra_chop, uniq_urug
Lair:5:   layout_hall_layers, chequers_serial_rivers_small_a,
          grunt_megastairs_2, infiniplex_staircase_pool_2
Lair:6:   grunt_lair_end_beastmaster, layout_cave_pods, slime_altar_1,
          nicolae_lair_lindhole, lemuel_fruit_tree
Orc:1:    layout_caves, basic_altar, nicolae_orc_damp_corner
Orc:2:    st_orc_open, layout_caves, uniq_maurice

Skill      XL: |  1  2  3  4  5  6  7  8  9 10 11 12 13 14 15 16 |
---------------+-------------------------------------------------+-----
Spellcasting   | 3 4 5 6 7 8 9 10 11 12 | 12.3
Summonings     | 5 6 7 8 9 10 11 13 14 16 17 | 17.4
Air Magic      | 1 2 4 5 |  5.0
Stealth        | 5 6 7 9 10 | 10.5
Fighting       | 3 4 5 6 |  6.0
Evocations     | 3 4 5 |  5.7
Dodging        | 4 5 7 8 10 | 10.0
Short Blades   | 1 5 |  5.0
Invocations    | 1 4 5 |  5.5
Hexes          | 4 6 7 |  7.0
Ice Magic      | 4 5 |  5.0
Armour         | 2 |  2.3

Action                   |  1- 3 |  4- 6 |  7- 9 | 10-12 | 13-15 | 16-18 || total
-------------------------+-------+-------+-------+-------+-------+-------++-------
Melee: Dagger            |    93 |   132 |   181 |   254 |   209 |       ||   869
       Club              |    11 |       |       |       |       |       ||    11
       Punch             |     3 |     3 |     4 |     3 |     3 |       ||    16
       Short sword       |       |       |       |       |   122 |     6 ||   128
 Cast: Summon Small Mamm |     4 |       |       |       |       |       ||     4
       Call Canine Famil |     1 |    18 |    15 |    30 |     9 |       ||    73
       Call Imp          |     1 |     8 |     1 |     1 |       |       ||    11
       Summon Lightning  |       |       |     5 |    10 |       |       ||    15
       Summon Ice Beast  |       |       |       |    13 |    11 |       ||    24
       Swiftness         |       |       |       |     1 |       |       ||     1
       Summon Mana Viper |       |       |       |     3 |    55 |     2 ||    60
       Summon Guardian G |       |       |       |     2 |     1 |       ||     3
       Summon Cactus Gia |       |       |       |       |    43 |     2 ||    45
       Monstrous Menager |       |       |       |       |     8 |     2 ||    10
Invok: Ancestor Identity |       |       |       |     1 |       |       ||     1
       Recall Ancestor   |       |       |       |     1 |     1 |       ||     2
       Ancestor Life: Ba |       |       |       |     1 |       |       ||     1
  Use: Scroll            |       |       |     8 |     3 |     5 |       ||    16
       Potion            |       |       |       |     3 |       |       ||     3
 Stab: Sleeping          |    12 |    16 |    12 |    14 |    38 |     1 ||    93
       Distracted        |       |     2 |     1 |     3 |     6 |       ||    12
Armor: Robe              |    15 |     6 |    12 |       |       |       ||    33
       Acid dragon scale |       |       |    30 |    47 |       |       ||    77
       Troll leather arm |       |       |       |     7 |    74 |       ||    81
Dodge: Dodged            |    66 |    93 |   120 |   226 |   259 |     9 ||   773
Block: Other             |       |    22 |    28 |    61 |    79 |     5 ||   195
       Reflection        |       |     2 |     1 |     2 |       |       ||     5

Table legend: (Time is in decaauts)
 A = Elapsed time spent in this place.
 B = Non-inter-level travel time spent in this place.
 C = Inter-level travel time spent in this place.
 D = Time resting spent in this place.
 E = Time spent auto-exploring this place.
 F = Levels seen in this place.
 G = Mean time per level.
                   A        B        C        D        E       F      G
               +--------+--------+--------+--------+--------+-----+--------+
         Total |  29071 |  28144 |    927 |   2913 |  20499 |  24 | 1211.3 |
       Dungeon |  18632 |  18081 |    551 |   2163 |  13112 |  14 | 1330.9 |
        Temple |    197 |    197 |      0 |      0 |    167 |   1 |  197.0 |
          Lair |   8153 |   7847 |    306 |    184 |   6570 |   6 | 1358.8 |
  Orcish Mines |   1815 |   1747 |     68 |    566 |    649 |   2 |  907.5 |
      Gauntlet |    272 |    272 |      0 |      0 |      0 |   1 |  272.0 |
               +--------+--------+--------+--------+--------+-----+--------+

Top non-repeatable levels by time:
     D:8: 2183 daAuts
     D:4: 1936 daAuts
  Lair:6: 1830 daAuts
     D:2: 1755 daAuts
    D:11: 1605 daAuts
    D:10: 1574 daAuts
     D:1: 1501 daAuts
  Lair:3: 1423 daAuts
  Lair:5: 1349 daAuts
  Lair:2: 1250 daAuts
  Lair:1: 1206 daAuts
    D:13: 1181 daAuts
     D:5: 1134 daAuts
   Orc:2: 1105 daAuts
  Lair:4: 1093 daAuts
